Cogmind - Beta 16 @@@ ROGUE MODE // 2025.12.08 @ 22:47:09 Player: arkn Result: Destroyed by as-95792 with Assembled Heavy Rifle Performance ------------- Evolutions (0) 0 Regions Visited (4) 800 Robots Destroyed (19) 95 Value Destroyed (238) 238 Prototype IDs (24) 480 Alien Tech Used (0) 0 Bonus (300) 300 TOTAL SCORE: 1913 Bonus ------- Aligned with FarCom 300 Cogmind --------- Core Integrity 0/250 Matter 203/300 Energy 237/280 System Corruption 2% Temperature Cool (0) Movement Treading (160) Location -9/Mines Parts ------- > --- POWER (1) -------- Heavy Ion Engine > --- PROPULSION (2) --- Improved Treads Improved Treads > --- UTILITY (2) ------ Improved Heat Sink Medium Storage Unit > --- WEAPON (2) ------- Grenade Launcher > --- INVENTORY (10) --- Flying Fortress v7 Seismic Detector Thief Drone Bay Light EM Pulse Cannon Peak State ------------ > --- POWER ------------ Heavy Ion Engine > --- PROPULSION ------- Improved Treads Improved Treads > --- UTILITY ---------- Improved Heat Sink Medium Storage Unit > --- WEAPON ----------- Light EM Pulse Cannon Light EM Pulse Cannon > --- INVENTORY -------- Light Treads Improved Treads Improved Treads Flying Fortress v7 Seismic Detector Light EM Pulse Cannon Grenade Launcher [Rating: 19] Favorites ----------- Power Heavy Ion Engine Engine Heavy Ion Engine Propulsion Improved Treads Treads Improved Treads Flight Unit Flight Unit Utility Seismic Detector Device Seismic Detector Storage Medium Storage Unit Weapon Light EM Pulse Cannon Energy Gun Medium Laser Energy Cannon Light EM Pulse Cannon Launcher Grenade Launcher Build | -11 -10 -10 -10 -9 ------- Run | Yrd Mat Min Exi Min Slots Evolved . | . . . . . Power . | . . . . . Propulsion . | . . . . . Utility . | . . . . . Weapon . | . . . . . Parts Attached 18 | . 13 1 1 3 Power 2 | . 2 . . . Engine 2 | . 2 . . . Core . | . . . . . Reactor . | . . . . . Propulsion 7 | . 5 . . 2 Treads 6 | . 4 . . 2 Leg . | . . . . . Wheel . | . . . . . Hover . | . . . . . Flight 1 | . 1 . . . Utility 4 | . 2 1 1 . Device 3 | . 2 1 . . Storage 1 | . . . 1 . Processor . | . . . . . Hackware . | . . . . . Protection . | . . . . . Artifact . | . . . . . Weapon 5 | . 4 . . 1 Energy Gun 2 | . 2 . . . Energy Cannon 2 | . 2 . . . Ballistic Gun . | . . . . . Ballistic Cannon . | . . . . . Launcher 1 | . . . . 1 Special Weapon . | . . . . . Impact Weapon . | . . . . . Slashing Weapon . | . . . . . Piercing Weapon . | . . . . . Special Melee Weapon . | . . . . . Unidentified Prototypes 1 | . 1 . . . Parts Lost 4 | . . . . 4 Power . | . . . . . Propulsion 2 | . . . . 2 Utility . | . . . . . Weapon 2 | . . . . 2 Highest Loss Streak 4 | . . . . 4 To Critical Strikes . | . . . . . Average Backups 5 | 3 4 5 5 6 Power . | . . . . . Propulsion 2 | 1 2 3 3 3 Utility . | . . . . 1 Weapon 1 | 1 1 2 2 2 Tool/Special . | . . . . . Unused Backups 6 | . 2 . . 4 Power . | . . . . . Propulsion 2 | . . . . 2 Utility 3 | . 2 . . 1 Weapon 1 | . . . . 1 Tool/Special . | . . . . . Average Slot Usage (%) 90 | . 90 100 74 99 Engine 12 | . 9 14 14 14 Treads 26 | . 25 28 28 28 Device 24 | . 27 28 21 14 Storage 3 | . . . 6 14 Energy Gun 3 | . 7 . . . Energy Cannon 18 | . 17 28 3 27 Peak Build Rating 19 | . 13 15 17 19 Average Rating 12 | . 9 13 11 18 On Entrance 9 | . . 13 15 17 Avg Prop Armor Cover (%) . | . . . . . Naked Turns 6 | . 6 . . . Heaviest Build 27 | . 18 18 27 27 Greatest Support 46 | 3 46 46 46 46 Greatest Overweight (x) 5 | . 5 . . . Average Overweight (x) . | . . . . . Largest Inventory Capacity 10 | 5 5 5 10 10 Average Capacity 6 | 5 5 5 7 10 Most Carried 10 | 5 5 5 10 10 Average Carried 5 | 3 4 5 6 9 Final Capacity 10 | 5 5 5 10 10 Final Carried 10 | 5 5 5 10 7 Class Distribution -------------------- 100% | Mutant Dominant Class ---------------- Mutant | -10/Materials Mutant | -10/Mines Mutant | -10/Exiles Mutant | -9/Mines Resources | -11 -10 -10 -10 -9 ----------- Run | Yrd Mat Min Exi Min Matter Collected 403 | 200 132 71 . . Remotely . | . . . . . Salvage Created 424 | . 249 157 . 18 Parts 35 | . 20 15 . . Haulers Intercepted 1 | . 1 . . . Recyclers Shooed 1 | . 1 . . . Parts Field Recycled . | . . . . . Retrieved Matter . | . . . . . Parts Self-Destructed . | . . . . . Prevented . | . . . . . Parts Restored . | . . . . . Kills | -11 -10 -10 -10 -9 ------- Run | Yrd Mat Min Exi Min Combat Hostiles Destroyed 18 | . 8 5 . 5 Guns 6 | . 6 . . . Cannons 8 | . 2 4 . 2 AOE 4 | . . 1 . 3 Classes Destroyed 8 | . 5 2 . 1 Worker 1 | . 1 . . . Builder 1 | . . 1 . . Tunneler 1 | . 1 . . . Hauler 1 | . 1 . . . Watcher 2 | . 2 . . . Swarmer 11 | . 8 3 . . Grunt 2 | . . 2 . . Assembled 5 | . . . . 5 Best Kill Streak 5 | . 3 4 . 5 Combat Bots Only 5 | . 3 3 . 5 Max Kills in Single Turn 3 | . 1 2 . 3 Gunslinging . | . . . . . Exploded 3 | . . 1 . 3 Melee . | . . . . . Uniques/NPCs Destroyed . | . . . . . Combat | -11 -10 -10 -10 -9 -------- Run | Yrd Mat Min Exi Min Hostile Shots Fired 71 | . 23 15 . 33 Missed 21 | . 5 7 . 9 Hits 50 | . 18 8 . 24 Melee 4 | . . . . 4 Projectile 46 | . 18 8 . 20 AOE 8 | . . . . 8 Part Disruptions 3 | . . . . 3 Damage Taken 858 | . 154 84 . 620 Core 250 | . 33 16 . 201 Absorbed by Shields . | . . . . . Core Remaining (%) 100 | 100 . . . . Volleys Fired 42 | . 25 12 . 5 Largest 2 | . 2 2 . 2 Hottest 112 | . 112 112 . 112 Shots Fired 83 | . 50 25 . 8 Gun 32 | . 32 . . . Cannon 49 | . 18 25 . 6 Launcher 2 | . . . . 2 Special . | . . . . . Kinetic . | . . . . . Thermal 32 | . 32 . . . Explosive 2 | . . . . 2 Electromagnetic 49 | . 18 25 . 6 Robot Hit Streak 5 | . 5 4 . 2 Robot Miss Streak 5 | . 5 2 . 3 Penetration Max . | . . . . . Secondary Targets . | . . . . . Shots Hit Robots 44 | . 26 15 . 3 Core Hits 28 | . 13 7 . 8 Critical Kills . | . . . . . Critical Parts Destroyed . | . . . . . Critical Strikes 1 | . . 1 . . Corrupt 1 | . . 1 . . Melee Attacks . | . . . . . Impact . | . . . . . Slashing . | . . . . . Piercing . | . . . . . Sneak Attacks . | . . . . . Combat Hostiles . | . . . . . Follow-up Attacks . | . . . . . Damage Inflicted 1076 | . 528 347 . 201 Guns 236 | . 236 . . . Cannons 565 | . 255 232 . 78 Explosions 275 | . 37 115 . 123 Melee . | . . . . . Ramming . | . . . . . Kinetic . | . . . . . Thermal 388 | . 273 115 . . Explosive 123 | . . . . 123 Electromagnetic 565 | . 255 232 . 78 Impact . | . . . . . Slashing . | . . . . . Piercing . | . . . . . Highest Corruption 2 | . 2 2 2 2 Average Corruption 2 | . 2 2 2 2 Corruption Purged . | . . . . . Corruption Blocked . | . . . . . Effects 26 | . . 12 8 6 Message Errors 6 | . . 3 3 . Matter Fused 6 | . . 3 2 1 Heat Flow Errors 4 | . . 2 1 1 Energy Discharges 3 | . . . 1 2 Data Loss (minor) 5 | . . 3 1 1 Misfires 2 | . . 1 . 1 Overload Shots . | . . . . . Overflow Damage 32 | . 29 3 . . Projectiles 14 | . 14 . . . Explosions 18 | . 15 3 . . Melee . | . . . . . Knockbacks . | . . . . . Impact . | . . . . . Kinetic . | . . . . . Secondary . | . . . . . Self-Inflicted Damage 20 | . . 20 . . Shots 1 | . . 1 . . Rammed . | . . . . . Targets Rammed . | . . . . . Kicked . | . . . . . Crushed . | . . . . . Highest Temperature 229 | . 96 161 229 168 Average Temperature 43 | . 32 36 118 47 Received Heat Transfer 120 | . . . . 120 Siege Activations . | . . . . . Martial Activations . | . . . . . Shielding Activations . | . . . . . Robots Disrupted . | . . . . . Combat Hostiles . | . . . . . Robots Corrupted . | . . . . . Combat Hostiles . | . . . . . Parts Fried 3 | . 2 1 . . Impact Corruptions . | . . . . . Robots Melted . | . . . . . Combat Hostiles . | . . . . . Parts Melted . | . . . . . Heat Transferred 903 | . 753 150 . . Parts Sabotaged . | . . . . . Parts Stolen . | . . . . . Parts Stripped . | . . . . . Power Chain Reactions 3 | . 1 2 . . Alert | -11 -10 -10 -10 -9 ------- Run | Yrd Mat Min Exi Min Maximum Alert Level . | . . . . . Low Security (%) 100 | 100 100 100 . 100 Level 1 . | . . . . . Level 2 . | . . . . . Level 3 . | . . . . . Level 4 . | . . . . . Level 5 . | . . . . . High Security . | . . . . . Max Security . | . . . . . Peak Influence 82 | . 70 82 . 15 Initial . | . . . . . Average 12 | . 13 18 . . Influence Increases 452 | . 284 148 . 20 Destroy 0b10 Robot/C 260 | . 160 100 . . Destroy 0b10 Robot/NC 30 | . 25 5 . . Destroy Leader 56 | . 36 20 . . Successful Hack 15 | . 15 . . . Destroy Structure 16 | . 3 8 . 5 Partial Spotted 30 | . 15 . . 15 Lose Combat Pursuer 45 | . 30 15 . . Influence Decreases 447 | . 284 148 . 15 Time Decay 432 | . 284 148 . . Lost Ally 15 | . . . . 15 Squads Dispatched 1 | . 1 . . . Investigation . | . . . . . Extermination . | . . . . . Reinforcement 1 | . 1 . . . Assault . | . . . . . Garrison . | . . . . . Intercept . | . . . . . Searches Triggered . | . . . . . Construction Impeded . | . . . . . Haulers Reinforced . | . . . . . Active Scanning Responses . | . . . . . Cargo Convoy Interrupts . | . . . . . Stealth | -11 -10 -10 -10 -9 --------- Run | Yrd Mat Min Exi Min Distress Signals 2 | . 2 . . . Communications Jammed . | . . . . . Distress Signals . | . . . . . Times Spotted 45 | . 22 5 . 18 Peak Tracking Total 12 | . 4 3 . 12 Tactical Retreats 3 | . 2 1 . . Traps | -11 -10 -10 -10 -9 ------- Run | Yrd Mat Min Exi Min Traps Triggered 3 | . 3 . . . Indirectly . | . . . . . Trap Hack Attempts . | . . . . . Triggered . | . . . . . Disarmed . | . . . . . Reprogrammed . | . . . . . Reused . | . . . . . Traps Extracted . | . . . . . Installed . | . . . . . Triggered . | . . . . . Machines | -11 -10 -10 -10 -9 ---------- Run | Yrd Mat Min Exi Min Machines Disabled . | . . . . . Max in Single Turn . | . . . . . Machines Repaired . | . . . . . Machines Dismantled . | . . . . . Machines Sabotaged . | . . . . . Overloaded Fab Kills . | . . . . . Hacking | -11 -10 -10 -10 -9 --------- Run | Yrd Mat Min Exi Min Machines Accessed 6 | . 4 . 1 1 Terminals 4 | . 4 . . . Fabricators . | . . . . . Repair Stations . | . . . . . Recycling Units . | . . . . . Scanalyzers . | . . . . . Garrison Access . | . . . . . Total Hacks 16 | . 14 . 1 1 Successful 9 | . 7 . 1 1 Failed 7 | . 7 . . . Catastrophic . | . . . . . Database Lockouts . | . . . . . Manual 15 | . 14 . 1 . Terminals 14 | . 14 . . . Fabricators . | . . . . . Repair Stations . | . . . . . Recycling Units . | . . . . . Scanalyzers . | . . . . . Garrison Access . | . . . . . Terminal Hacks 2 | . . . 1 1 Open Door 1 | . . . . 1 Proto ID Catalog 1 | . . . 1 . Fabricator Hacks . | . . . . . Repair Station Hacks . | . . . . . Recycling Unit Hacks . | . . . . . Scanalyzer . | . . . . . Garrison Access Hacks . | . . . . . Unauthorized Hacks 7 | . 7 . . . Terminals 7 | . 7 . . . Track 2 | . 2 . . . Assimilate 1 | . 1 . . . Botnet 3 | . 3 . . . Operators 1 | . 1 . . . Fabricators . | . . . . . Repair Stations . | . . . . . Recycling Units . | . . . . . Scanalyzers . | . . . . . Garrison Access . | . . . . . Data Cores Recovered . | . . . . . Used . | . . . . . Hacking Detections 4 | . 4 . . . Full Trace Events . | . . . . . Feedback Events . | . . . . . Feedback Blocked . | . . . . . Robot Schematics Acquired . | . . . . . Robots Built . | . . . . . Authchips . | . . . . . Time . | . . . . . Total Robot Build Rating . | . . . . . Part Schematics Acquired . | . . . . . Parts Built . | . . . . . Authchips . | . . . . . Time . | . . . . . Total Part Build Rating . | . . . . . Part Studies Acquired . | . . . . . Parts Repaired . | . . . . . Time . | . . . . . Parts Recycled . | . . . . . Recycled Matter . | . . . . . Retrieved Matter . | . . . . . Retrieved Components . | . . . . . Parts Scanalyzed . | . . . . . Part Schematics Acquired . | . . . . . Parts Damaged . | . . . . . Bothacking | -11 -10 -10 -10 -9 ------------ Run | Yrd Mat Min Exi Min Used RIF Installer . | . . . . . Robots Hacked . | . . . . . Non-combat . | . . . . . Combat . | . . . . . Robot Hacks Applied . | . . . . . Relay Couplers Released . | . . . . . Fabnet Peak Effective % . | . . . . . Robots Rewired . | . . . . . Allies Hacked . | . . . . . Hacks Repelled . | . . . . . Allies | -11 -10 -10 -10 -9 -------- Run | Yrd Mat Min Exi Min Total Allies 5 | . . . . 5 Largest Group 5 | . . . . 5 Highest-Rated Group 82 | . . . . 82 Highest-Rated Ally 31 | . . . . 31 Total Orders . | . . . . . Ally Attacks 7 | . . . . 7 Total Damage 102 | . . . . 102 Kills . | . . . . . Allies Corrupted . | . . . . . Allies Melted . | . . . . . Intel | -11 -10 -10 -10 -9 ------- Run | Yrd Mat Min Exi Min Active Infowar (turns) 2525 | . 1281 602 621 21 Seismic 2525 | . 1281 602 621 21 Robot Analysis Total . | . . . . . Derelict Logs Recovered 1 | . . 1 . . Drone Launches . | . . . . . Drone Recoveries . | . . . . . Exploration | -11 -10 -10 -10 -9 ------------- Run | Yrd Mat Min Exi Min Turns Passed 2979 | 24 1310 602 621 422 Spaces Moved 1770 | 39 810 300 384 237 Core 51 | 39 12 . . . Treads 1473 | . 552 300 384 237 Legs . | . . . . . Wheels . | . . . . . Hover . | . . . . . Flight 246 | . 246 . . . Fastest Speed 40 | 50 40 160 160 160 Average Speed 140 | 50 122 160 160 160 Slowest Speed 300 | 50 300 160 160 160 Overloaded Moves . | . . . . . Propulsion Burnouts . | . . . . . Robots Hopped . | . . . . . Potential Cave-ins . | . . . . . Cave-ins Triggered . | . . . . . Exploration Rate (%) 52 | 3 92 45 59 63 Regions Visited 4 Branch Regions 3 Pre-discovered Areas . | . . . . . Known Exits Taken . | . . . . . Unknown Exits Taken 4 | 1 1 1 1 . Scrap Searched . | . . . . . Spaces Dug 3 | . . . . 3 Terrain Destroyed 18 | . 3 8 . 7 Melee . | . . . . . Projectile . | . . . . . AOE 18 | . 3 8 . 7 Terrain Rammed . | . . . . . Walls Destroyed . | . . . . . Machines Disabled . | . . . . . Actions | -11 -10 -10 -10 -9 --------- Run | Yrd Mat Min Exi Min Total 2185 | 43 1078 399 391 274 Wait 325 | . 213 86 . 26 Move 1766 | 38 809 299 383 237 Hop . | . . . . . Pick Up 14 | 5 6 . 2 1 Fast Attach 14 | . 11 . 3 . Attach 6 | . 3 . . 3 Detach . | . . . . . Swap 5 | . 3 1 . 1 Drop 13 | . 8 1 3 1 Fire 42 | . 25 12 . 5 Melee . | . . . . . Ram . | . . . . . Kick . | . . . . . Crush . | . . . . . Escape Stasis . | . . . . . Rewire . | . . . . . Trap . | . . . . . Miscellaneous . | . . . . . Route ------- -11/Scrapyard -10/Materials (discovered 4 exits: [*Mat x3] / [*Min]) -10/Mines (discovered 2 exits: [*Mat] / *Exi) -10/Exiles -9/Mines History --------- Turn | Location | Event 4 | -11/Scrapyard | Discovered new exit (range 15) 25 | -11/Scrapyard | Entered Materials 45 | -10/Materials | Discovered new exit (range 7) 128 | -10/Materials | Discovered new exit (range 9) 314 | -10/Materials | Build established: Mutant 631 | -10/Materials | Discovered new exit (range 3) 905 | -10/Materials | Discovered new exit (range 13) 1335 | -10/Materials | Entered Mines 1348 | -10/Mines | Learned Materials emergency access door positions 1778 | -10/Mines | Discovered new exit (range 8) 1931 | -10/Mines | Deemed a non-threat by the Exiles lab entrance 1931 | -10/Mines | Discovered new exit (range 5) 1937 | -10/Mines | Entered Exiles 1976 | -10/Exiles | Met 8R-AWN 2012 | -10/Exiles | Met EX-HEX 2076 | -10/Exiles | Met EX-BIN 2095 | -10/Exiles | Aligned with FarCom system 2097 | -10/Exiles | Given EX-Vault access code 2137 | -10/Exiles | Opened EX-Vault 2175 | -10/Exiles | Warned to stay clear of 0b10 Research branches 2225 | -10/Exiles | Met EX-DEC 2396 | -10/Exiles | Found Flying Fortress v7 2539 | -10/Exiles | Discovered new exit (range 14) 2558 | -10/Exiles | Left Exiles lab with Flying Fortress v7 2558 | -10/Exiles | Entered Mines 2563 | -9/Mines | Assisted by bots powering up and referring to "LRC-V3" 2700 | -9/Mines | Found the Drone Emporium 2712 | -9/Mines | Found Prototype Device 2768 | -9/Mines | A weapon hastily lodged in a ceiling crevice suddenly fell to the ground 2895 | -9/Mines | Assembled infested the area 2900 | -9/Mines | Assisted by a Guerilla fighting off Assembled 2971 | -9/Mines | Core integrity fell below 50% 2975 | -9/Mines | Core integrity fell below 20% 2980 | -9/Mines | Destroyed by as-95792 with Assembled Heavy Rifle Last Messages --------------- 02966_ as-88419 destroyed. 02966_ 3M-NXH(z) destroyed. 02966_ D-53 Grenadier destroyed. 02969_ Lgt. EM Pulse Cannon destroyed. 02969_ as-30242 destroyed. 02969_ as-19593 destroyed. 02969_ as-48447 destroyed. 02970_ Trooper 2a destroyed. 02972_ Imp. Treads destroyed. 02974_ The unstable cave ceiling collapses. 02974_ Imp. Treads destroyed. 02974_ as-80282 destroyed. 02975_ The unstable cave ceiling collapses. 02977_ Lgt. EM Pulse Cannon destroyed. 02977_ as-13424 destroyed. 02977_ as-09149 destroyed. 02978_ as-39958 destroyed. 02978_ as-49317 destroyed. 02978_ as-07065 destroyed. 02979_ as-76542 destroyed. Map ----- +----------------------------------------------------+ | #?????????# ##?# #??????????? | | #?????????## ###??# #??????????? | | ##??????????####???## #??????????? | | ##????????????????### ##?????????? | | #???????####?????## ##????????? | | ##??????## ##??## #????????? | | ##??????## ### #????????? | | ##???????# ##????????? | | ##????????# ##?????????? | | ##??????????# ### ##??????????? | | ?????????????????## #???????????? | | ?????????????????## ##???????????? | | ????????????????## #####????????????? | | ???????????????## ##????????????????? | | ???????????????# ##?????????????????? | | ?????????????### ##??????????????????? | | ?????????#### #???????????????????? | | ?????????# ####???????????????? | | #????????# % ##??????????????? | | #????????# ### ! ###????????????? | | #????????# ??? # ##???????????? | | ?????????#?????# d = ###?????????? | | ?????????????????# ##????????? | | ?????????????##### #????????? | | ?????????? a ##????????? | | ?????????? * @ #????????? | | ????????????????#% ##????????? | | ????????????????# #????????? | | ???????????????# ##????????? | | ??????????????# *aa ##?????????? | | ??????????????# ##%| ######??????????? | | ?????????????????#= ????????????????? | | ?????????????????# ????????????????? | | ?????????????????#%* ?????????????????? | | ????????????????? ?????????????????? | | ???????????????? ?????????????????? | | ???????????????## ??????????????????? | | ????????????????# ??????????????????? | | ????????????????#" #???????????????????? | | ???????????????? #????????????????????? | | ???????????????? ??????????????????????? | | ???????????????????????????????????????? | | ???????????????????????????????????????? | | ???????????????????????????????????????? | | ???????????????????????????????????????? | | ???????????????????????????????????????? | | ???????????????????????????????????????? | | ???????????????????????????????????????? | | ???????????????????????????????????????? | | ???????????????????????????????????????? | +----------------------------------------------------+ Best States ------------- Heat Dissipation 39 Energy Generation 14 Energy Capacity 280 Matter Stores 300 Matter Capacity 300 Sight Range 16 Terrain Scan Density 10 Evasion (%) 62 Recoil Reduction 2 Item Schematics ----------------- None Robot Schematics ------------------ None Fabricated ------------ Nothing Repaired ---------- Nothing Studied --------- None Alien Tech Used ----------------- None Achievements -------------- None Challenges ------------ None Game ------ Seed CannonHeartClaw Manual? 0 Play Time 00:19:49 Cumulative 271.0 hours Start 2025.12.08 @ 11:51:33 End 2025.12.08 @ 22:47:09 Sessions 2 Manual Loads 0 Difficulty Rogue Special Mode None Game No. 120 Rogue 120 Adventurer 0 Explorer 0 Win Type - Total 4 Types 4/0/0/0/0/0/0/0/0/0 Lore% 53 Gallery% 56 Achievement% 41 Wizard Run 0 Options --------- Layout 0 ASCII 0 Keyboard 0 Movement Numpad Keybinds 0 Fullscreen 2 Font 24/Smallcaps Map View 113x50 Zoom Use 0% Tactical HUD 1 Map Filters NONE Filters NONE Steam 1 RUN: f0f110bc-0d6f-4b71-9de9-2f60541abfe6